Cogmind - Beta 11 X11 @@@ ROGUE MODE // 2022.03.06 @ 12:25:21 Player: youngster Result: Destroyed by D-53 Grenadier with Mini Grenade Launcher Performance ------------- Evolutions (0) 0 Regions Visited (2) 400 Robots Destroyed (23) 115 Value Destroyed (555) 555 Prototype IDs (4) 80 Alien Tech Used (0) 0 Bonus (0) 0 TOTAL SCORE: 1150 Bonus ------- None Cogmind --------- Core Integrity 0/250 Matter 219/300 Energy 34/100 System Corruption 0% Temperature Cool (0) Movement Rolling (95) Ox1 Location -10/Mines Parts ------- > --- POWER (1) -------- (None) > --- PROPULSION (2) --- Wheel > --- UTILITY (2) ------ Large Storage Unit > --- WEAPON (2) ------- (None) > --- INVENTORY (15) --- Light Treads Light Treads Light Treads Light Treads Small Matter Pod (50) Utility Shielding High-powered Tractor Beam Medium Laser EMP Blaster Grenade Launcher Grenade Launcher Datajack Peak State ------------ > --- POWER ------------ Light Nuclear Core > --- PROPULSION ------- Light Treads Light Treads > --- UTILITY ---------- Large Storage Unit Seismic Detector > --- WEAPON ----------- EM Pulse Gun EMP Blaster > --- INVENTORY -------- Light Treads Light Treads Light Treads Light Treads Wheel Small Matter Pod Utility Shielding Weapon Shielding High-powered Tractor Beam Medium Laser Assault Rifle Assault Rifle Grenade Launcher Grenade Launcher Datajack [Rating: 11] Favorites ----------- Power Light Ion Engine Engine Light Ion Engine Power Core Light Nuclear Core Propulsion Light Treads Treads Light Treads Wheel Wheel Utility Large Storage Unit Device Seismic Detector Storage Large Storage Unit Protection Weapon Shielding Weapon Assault Rifle Energy Gun EM Pulse Gun Ballistic Gun Assault Rifle Launcher EMP Blaster Build | -11 -10 -10 ------- Run | Scr Mat Min Slots Evolved . | . . . Power . | . . . Propulsion . | . . . Utility . | . . . Weapon . | . . . Parts Attached 33 | 6 18 9 Power 4 | 1 3 . Engine 3 | 1 2 . Core 1 | . 1 . Reactor . | . . . Propulsion 6 | 2 3 1 Treads 5 | 2 3 . Leg . | . . . Wheel 1 | . . 1 Hover . | . . . Flight . | . . . Utility 11 | 1 8 2 Device 5 | . 4 1 Storage 2 | 1 1 . Processor . | . . . Hackware . | . . . Protection 4 | . 3 1 Artifact . | . . . Weapon 12 | 2 4 6 Energy Gun 2 | . 1 1 Energy Cannon . | . . . Ballistic Gun 7 | 2 2 3 Ballistic Cannon . | . . . Launcher 3 | . 1 2 Special Weapon . | . . . Impact Weapon . | . . . Slashing Weapon . | . . . Piercing Weapon . | . . . Special Melee Weapon . | . . . Unidentified Prototypes . | . . . Parts Lost 9 | . 1 8 Power 2 | . 1 1 Propulsion 2 | . . 2 Utility 2 | . . 2 Weapon 3 | . . 3 Highest Loss Streak 8 | . 1 8 To Critical Strikes . | . . . Average Slot Usage (%) 97 | . 97 98 Engine 8 | . 10 . Core 3 | . 1 13 Treads 27 | . 28 27 Device 7 | . 7 9 Storage 16 | . 17 14 Protection 3 | . 3 3 Energy Gun 3 | . 1 13 Ballistic Gun 24 | . 26 11 Naked Turns . | . . . Heaviest Build 33 | 13 33 32 Greatest Support 40 | 40 40 40 Greatest Overweight (x) . | . . . Average Overweight (x) . | . . . Largest Inventory Capacity 15 | 8 15 15 Average Capacity 14 | 7 14 15 Most Carried 15 | 3 15 15 Average Carried 13 | 2 13 14 Final Capacity 15 | 8 15 15 Final Carried 15 | 3 15 12 Class Distribution -------------------- 100% | Mutant Dominant Class ---------------- Mutant | -10/Materials Mutant | -10/Mines Resources | -11 -10 -10 ----------- Run | Scr Mat Min Matter Collected 799 | 250 499 50 Remotely . | . . . Salvage Created 966 | 60 723 183 Parts 50 | 2 41 7 Haulers Intercepted 2 | . 2 . Recyclers Shooed . | . . . Parts Field Recycled . | . . . Retrieved Matter . | . . . Parts Self-Destructed . | . . . Prevented . | . . . Kills | -11 -10 -10 ------- Run | Scr Mat Min Combat Hostiles Destroyed 27 | . 14 13 Guns 15 | . 14 1 AOE 12 | . . 12 Classes Destroyed 7 | 1 5 1 Worker 2 | . 1 1 Hauler 2 | . 2 . Recycler 2 | 1 1 . Watcher 1 | . 1 . Swarmer 3 | . 3 . Grunt 13 | . 11 2 Assembled 11 | . . 11 Best Kill Streak 11 | 1 7 11 Combat Bots Only 11 | . 6 11 Max Kills in Single Turn 5 | 1 1 5 Gunslinging . | . . . Exploded 5 | . . 5 Melee . | . . . Uniques/NPCs Destroyed . | . . . Combat | -11 -10 -10 -------- Run | Scr Mat Min Damage Taken 1415 | . 596 819 Core 262 | . 107 155 Absorbed by Shields . | . . . Redirected to Shielding 89 | . 31 58 Core Remaining (%) 100 | 100 . . Volleys Fired 89 | 7 62 20 Largest 2 | 2 2 2 Hottest 60 | 40 60 60 Shots Fired 162 | 14 123 25 Gun 152 | 14 122 16 Cannon . | . . . Launcher 10 | . 1 9 Special . | . . . Kinetic 142 | 14 121 7 Thermal . | . . . Explosive 5 | . 1 4 Electromagnetic 15 | . 1 14 Robot Hit Streak 11 | 7 11 11 Robot Miss Streak 3 | 1 3 2 Penetration Max . | . . . Secondary Targets 2 | . 2 . Max Gunslinging Chain 1 | . 1 . Shots Hit Robots 104 | 12 79 13 Core Hits 75 | 3 37 35 Critical Kills . | . . . Critical Parts Destroyed . | . . . Critical Strikes . | . . . Melee Attacks . | . . . Impact . | . . . Slashing . | . . . Piercing . | . . . Sneak Attacks . | . . . Combat Hostiles . | . . . Follow-up Attacks . | . . . Damage Inflicted 1841 | 117 849 875 Guns 1128 | 117 836 175 Cannons . | . . . Explosions 687 | . . 687 Melee . | . . . Ramming 26 | . 13 13 Kinetic 1015 | 117 821 77 Thermal . | . . . Explosive 618 | . . 618 Electromagnetic 182 | . 15 167 Impact . | . . . Slashing . | . . . Piercing . | . . . Highest Corruption . | . . . Average Corruption . | . . . Corruption Purged . | . . . Corruption Blocked . | . . . Overload Shots . | . . . Overflow Damage 2 | . . 2 Projectiles . | . . . Explosions 2 | . . 2 Melee . | . . . Knockbacks . | . . . Impact . | . . . Kinetic . | . . . Secondary . | . . . Self-Inflicted Damage 28 | . . 28 Shots 2 | . . 2 Rammed 7 | 1 3 3 Targets Rammed 8 | 1 4 3 Kicked . | . . . Crushed 1 | . 1 . Highest Temperature 79 | . 15 79 Average Temperature 12 | . 7 19 Received Heat Transfer 484 | . 297 187 Siege Activations . | . . . Robots Corrupted . | . . . Combat Hostiles . | . . . Parts Fried 1 | . . 1 Impact Corruptions . | . . . Robots Melted . | . . . Combat Hostiles . | . . . Parts Melted . | . . . Heat Transferred . | . . . Parts Sabotaged . | . . . Parts Stolen . | . . . Parts Stripped . | . . . Power Chain Reactions . | . . . Missiles Intercepted . | . . . Alert | -11 -10 -10 ------- Run | Scr Mat Min Peak Influence 279 | 5 279 154 Initial 51 | . 3 51 Average 122 | 1 135 77 Maximum Alert Level 1 | . 1 . Low Security (%) 84 | 100 81 100 Level 1 15 | . 18 . Level 2 . | . . . Level 3 . | . . . Level 4 . | . . . Level 5 . | . . . High Security . | . . . Max Security . | . . . Squads Dispatched 3 | . 3 . Investigation 3 | . 3 . Extermination . | . . . Reinforcement . | . . . Assault . | . . . Garrison . | . . . Intercept . | . . . Searches Triggered . | . . . Construction Impeded . | . . . Haulers Reinforced . | . . . Active Scanning Responses . | . . . Cargo Convoy Interrupts . | . . . Stealth | -11 -10 -10 --------- Run | Scr Mat Min Distress Signals 1 | . 1 . Communications Jammed . | . . . Distress Signals . | . . . Times Spotted 57 | . 34 23 Peak Tracking Total 13 | . 4 13 Tactical Retreats 1 | . . 1 Traps | -11 -10 -10 ------- Run | Scr Mat Min Traps Triggered 1 | . 1 . Indirectly . | . . . Trap Hack Attempts . | . . . Triggered . | . . . Disarmed . | . . . Reprogrammed . | . . . Reused . | . . . Traps Extracted . | . . . Installed . | . . . Triggered . | . . . Machines | -11 -10 -10 ---------- Run | Scr Mat Min Machines Disabled 1 | . . 1 Max in Single Turn 1 | . . 1 Machines Sabotaged . | . . . Garrisons Compromised . | . . . Overloaded Fab Kills . | . . . Hacking | -11 -10 -10 --------- Run | Scr Mat Min Machines Accessed 10 | . 10 . Terminals 8 | . 8 . Fabricators . | . . . Repair Stations . | . . . Recycling Units 2 | . 2 . Scanalyzers . | . . . Garrison Access . | . . . Total Hacks 25 | . 25 . Successful 17 | . 17 . Failed 8 | . 8 . Catastrophic 1 | . 1 . Database Lockouts . | . . . Manual 16 | . 16 . Terminals 23 | . 23 . Fabricators . | . . . Repair Stations . | . . . Recycling Units 2 | . 2 . Scanalyzers . | . . . Garrison Access . | . . . Terminal Hacks 7 | . 7 . Prototype ID Bank 3 | . 3 . Locate Traps 3 | . 3 . Zone Layout 1 | . 1 . Fabricator Hacks . | . . . Repair Station Hacks . | . . . Recycling Unit Hacks . | . . . Scanalyzer . | . . . Garrison Access Hacks . | . . . Unauthorized Hacks 10 | . 10 . Terminals 8 | . 8 . Track 5 | . 5 . Botnet 3 | . 3 . Fabricators . | . . . Repair Stations . | . . . Recycling Units 2 | . 2 . Tunnel 2 | . 2 . Scanalyzers . | . . . Garrison Access . | . . . Data Cores Recovered . | . . . Used . | . . . Hacking Detections 7 | . 7 . Full Trace Events . | . . . Feedback Events . | . . . Feedback Blocked . | . . . Robot Schematics Acquired . | . . . Robots Built . | . . . Authchips . | . . . Time . | . . . Total Robot Build Rating . | . . . Part Schematics Acquired . | . . . Parts Built . | . . . Authchips . | . . . Time . | . . . Total Part Build Rating . | . . . Parts Repaired . | . . . Time . | . . . Parts Recycled . | . . . Recycled Matter . | . . . Retrieved Matter . | . . . Retrieved Components . | . . . Parts Scanalyzed . | . . . Part Schematics Acquired . | . . . Parts Damaged . | . . . Bothacking | -11 -10 -10 ------------ Run | Scr Mat Min Used RIF Installer . | . . . Robots Hacked . | . . . Non-combat . | . . . Combat . | . . . Robot Hacks Applied . | . . . Relay Couplers Released . | . . . Fabnet Peak Effective % . | . . . Robots Rewired . | . . . Allies Hacked . | . . . Hacks Repelled . | . . . Allies | -11 -10 -10 -------- Run | Scr Mat Min Total Allies . | . . . Largest Group . | . . . Highest-Rated Group . | . . . Highest-Rated Ally . | . . . Total Orders . | . . . Ally Attacks . | . . . Total Damage . | . . . Kills . | . . . Allies Corrupted . | . . . Allies Melted . | . . . Intel | -11 -10 -10 ------- Run | Scr Mat Min Robot Analysis Total . | . . . Derelict Logs Recovered . | . . . Drone Launches . | . . . Drone Recoveries . | . . . Exploration | -11 -10 -10 ------------- Run | Scr Mat Min Turns Passed 2233 | 97 1831 305 Spaces Moved 1171 | 41 979 151 Core 1 | 1 . . Treads 1170 | 40 979 151 Legs . | . . . Wheels . | . . . Hover . | . . . Flight . | . . . Fastest Speed 50 | 50 160 160 Average Speed 159 | 157 160 160 Slowest Speed 160 | 160 160 160 Overloaded Moves . | . . . Propulsion Burnouts . | . . . Robots Hopped . | . . . Cave-ins Triggered . | . . . Exploration Rate (%) 45 | 4 99 34 Regions Visited 2 Branch Regions 1 Pre-discovered Areas 3 | . 2 1 Known Exits Taken . | . . . Unknown Exits Taken 2 | 1 1 . Scrap Searched . | . . . Spaces Dug 8 | . 8 . Terrain Destroyed 20 | . 8 12 Melee . | . . . Projectile . | . . . AOE 20 | . 8 12 Terrain Rammed . | . . . Walls Destroyed . | . . . Machines Disabled . | . . . Actions | -11 -10 -10 --------- Run | Scr Mat Min Total 1369 | 57 1128 184 Wait 41 | . 40 1 Move 1169 | 40 978 151 Hop . | . . . Pick Up 20 | 3 17 . Fast Attach 9 | 6 3 . Attach 4 | . 1 3 Detach . | . . . Swap 20 | . 14 6 Drop 9 | . 9 . Fire 89 | 7 62 20 Melee . | . . . Ram . | . . . Kick . | . . . Crush 8 | 1 4 3 Escape Stasis . | . . . Rewire . | . . . Trap . | . . . Miscellaneous . | . . . Route ------- -11/Scrapyard -10/Materials (discovered 4 exits: [*Mat x3] / [*Min]) -10/Mines (discovered 2 exits: [*Mat x2]) History --------- Turn | Location | Event 20 | -11/Scrapyard | Discovered new exit (range 15) 98 | -11/Scrapyard | Entered Materials 335 | -10/Materials | Build established: Mutant 365 | -10/Materials | Discovered new exit (range 14) 519 | -10/Materials | Discovered new exit (range 10) 725 | -10/Materials | Discovered new exit (range 7) 1210 | -10/Materials | Discovered new exit (range 5) 1929 | -10/Materials | Entered Mines 1949 | -10/Mines | Discovered new exit (range 5) 2114 | -10/Mines | Learned location of Storage (-8) 2163 | -10/Mines | Discovered new exit (range 8) 2180 | -10/Mines | Assembled infested the area 2218 | -10/Mines | Destroyed 11 combat bots 2220 | -10/Mines | Core integrity fell below 50% 2230 | -10/Mines | Core integrity fell below 20% 2234 | -10/Mines | Destroyed by D-53 Grenadier with Mini Grenade Launcher Last Messages --------------- 02213_ K-01 Serf collects debris. 02216_ The unstable cave ceiling collapses. 02216_ as-43236 destroyed. 02216_ as-89816 destroyed. 02217_ K-01 Serf destroyed. 02221_ Lgt. Nuclear Core destroyed. 02223_ Weapon Shielding destroyed. 02223_ Assault Rifle destroyed. 02224_ The unstable cave ceiling collapses. 02227_ Assault Rifle destroyed. 02229_ Lgt. Treads destroyed. 02229_ Seismic Detector destroyed. 02231_ The unstable cave ceiling collapses. 02232_ U-05 Engineer lays Concrete. 02232_ EM Pulse Gun destroyed. 02232_ Lgt. Treads destroyed. 02233_ The unstable cave ceiling collapses. 02233_ U-05 Engineer lays Concrete. 02234_ The unstable cave ceiling collapses. 02234_ U-05 Engineer lays Concrete. Map ----- +----------------------------------------------------+ | | | | | | | | | | | | | | | | | | | | | | | | | | | | | | | | | | | | | ?????????????????????????????????????????????????? | | ??????????????????#########??????????????????????? | | ??????????????????# ###????????????????????? | | ?##??######???????# u ##???????????????????? | | ?# ### ##??????# ##??????????????????? | | ?# ######## [ #??????????????????? | | ??# =%!% #??????????????????? | | #### ##### ### = @ # #??????????????????? | | #### #???# #?# #??????????????????? | | #?### ##??## #?# #??????????????????? | | #???####??## ## ## ##??????###?????????? | | #?????????# d ##??? #?????????? | | #?????##### # ???????? | | ##????# % d %% ???????? | | ###### ### # ???????? | | ## #?##### #???? % ???????? | | # # #?????# #### #????????% ????????? | | ### #?????## #???####????????????????????? | | ??## ##?????# ?#???????????????????????????? | | ???## ####??# ?????????????????????????????? | | ##### ##?#??????????????????????????????? | | ##???????????????????????????????? | | #???????????????????????????????? | | #???????????????????????????????? | | #### ##???????????????????????????????? | | ##???###????????????????????????????????? | | #???????????????????????????????????????? | | ## #??????????????????????????????????????? | | ###### #????????????????????????????????????? | | #????# #??????????????????????????????????? | | ?????# #?????????????????????????????????? | | ?????## #?????????????????????????????????? | +----------------------------------------------------+ Best States ------------- Heat Dissipation 25 Energy Generation 14 Energy Capacity 250 Matter Stores 300 Matter Capacity 300 Sight Range 16 Terrain Scan Density 10 Weapon Shielding 33 Evasion (%) 40 Recoil Reduction 2 Item Schematics ----------------- None Robot Schematics ------------------ None Fabricated ------------ Nothing Alien Tech Used ----------------- None Achievements -------------- None Challenges ------------ None Game ------ Seed RefineryEfficiencySystem Manual? 0 Play Time 00:17:45 Cumulative 212.1 hours Start 2022.03.05 @ 23:59:59 End 2022.03.06 @ 12:25:21 Sessions 5 Manual Loads 0 Difficulty Rogue Special Mode None Game No. 107 Rogue 107 Adventurer 0 Explorer 0 Win Type - Total 3 Types 2/0/0/1/0/0/0/0/0 Lore% 81 Gallery% 86 Achievement% 66 Wizard Run 0 Options --------- ASCII 1 Keyboard 1 Movement Vi Keybinds 0 Fullscreen 2 Font 18/Cog Map View 76x50 Tactical HUD 1 Map Filters NONE Filters NONE Steam 0 RUN: 74ba5861-745e-4973-8ca4-ab3c1424733d